 Dungeon Crawl Stone Soup version 0.23.1 (webtiles) character file.

Game seed: 8880945650839458921

70 Chiseanne the Ducker (level 4, -9/33 HPs)
             Began as an Octopode Monk on Mar 3, 2019.
             Mangled by an orc
             ... wielding a +1 antimagic flail
              (10 damage)
             ... on level 3 of the Dungeon.
             The game lasted 00:02:28 (1606 turns).

Chiseanne the Ducker (Octopode Monk)                Turns: 1606, Time: 00:02:28

Health: -9/33      AC:  1    Str: 10    XL:     4   Next: 22%
Magic:  1/4        EV: 14    Int: 12    God:
Gold:   150        SH:  4    Dex: 15    Spells: 3/3 levels left

rFire    . . .     SeeInvis .   a - +0 hand axe
rCold    . . .     Gourm    .   r - +0 buckler
rNeg     . . .     Faith    .   (helmet restricted)
rPois    .         Spirit   .   (no amulet)
rElec    .         Reflect  .   (no ring)
rCorr    .         Harm     .   (no ring)
MR       .....                  (no ring)
Stlth    +++.......             (no ring)
HPRegen  0.11/turn              (no ring)
MPRegen  0.09/turn              (no ring)
                                (no ring)
                                (no ring)

@: no status effects
A: almost no armour, stealthy swim, amphibious, 8 rings, constrict 8, camouflage
1, gelatinous body 1
a: no special abilities


You were on level 3 of the Dungeon.
You were not hungry.

You visited 1 branch of the dungeon, and saw 3 of its levels.

You collected 150 gold pieces.

Inventory:

Hand Weapons
 a - a +0 hand axe (weapon)
 i - a +0 club
Missiles
 c - 100 stones (quivered)
 e - 50 bolts
 f - 29 arrows
 l - 14 poisoned needles
 u - 14 sling bullets
Armour
 r - a +0 buckler (worn)
Scrolls
 d - 2 scrolls of teleportation {unknown}
 g - a scroll of fog {unknown}
 j - 3 scrolls of enchant weapon {unknown}
 m - a scroll of blinking {unknown}
 n - 3 scrolls of remove curse {unknown}
 p - 4 scrolls of identify {unknown}
 t - a scroll of immolation {unknown}
Potions
 h - 3 potions of flight {unknown}
 k - a potion of magic {unknown}
 o - a potion of mutation {unknown}
 q - a potion of agility {unknown}
Comestibles
 b - 5 rations
 s - 6 chunks of flesh


   Skills:
 * Level 4.0 Fighting
 - Level 3.0 Axes
 * Level 4.0 Dodging
 - Level 2.6 Stealth
 * Level 0.7 Shields


You had 3 spell levels left.
You didn't know any spells.
Your spell library was empty.

Dungeon Overview and Level Annotations

Branches:
Dungeon (3/15)

Altars:
Fedhas
Kikubaaqudgha
Makhleb
Qazlal
Ru
Sif Muna
Zin
The Shining One


Innate Abilities, Weirdness & Mutations

You cannot wear most types of armour.
You are very stealthy in the water. (Stealth+)
You are amphibious.
You can wear up to eight rings at the same time.
You can use your tentacles to constrict eight enemies at once.
Your skin changes colour to match your surroundings (Stealth+).
Your rubbery body absorbs attacks. (AC +1, EV +1)


Message History

You squeeze the orc wizard, but do no damage.
The orc wizard is lightly wounded.
You hit the orc but do no damage.
You constrict the orc wizard, but do no damage.
The orc barely misses you. You block the orc wizard's attack.
You hit the orc wizard but do no damage.
You squeeze the orc wizard, but do no damage.
The orc wizard is lightly wounded.
You closely miss the orc. You constrict the orc wizard.
The orc hits you with a +1 antimagic flail!
* * * LOW HITPOINT WARNING * * *
You feel your power leaking away.
The orc wizard hits you with a +0 dagger.
* * * LOW HITPOINT WARNING * * *
You hit the orc but do no damage. Your grab misses the orc.
The orc is heavily wounded.
You hit the orc wizard but do no damage.
You constrict the orc wizard.
The orc hits you with a +1 antimagic flail!
You die...

.. .. .# ..# #.# ... #.#
#.# #.# #.##.# #.#
#.#.### #.# #.....###.#
# ##.#......>## ... #
##.##...##...###.....
.###..##...##..o@oK.....
#...#......##.[.###.....
..#...........#.# ...
....#.####.###.## #
...##.####.....
..#.........###
...##.#####.# ...##.# .#
##.##.##


You could see an orc wizard, an orc and a kobold.

Vanquished Creatures
  An adder (D:2)
  2 oozes
  A worm (D:3)
  A dart slug (D:1)
  2 leopard geckos
  2 orcs (D:3)
  6 bats
  3 giant cockroaches
  5 hobgoblins
  2 quokkas (D:2)
  3 frilled lizards
  3 goblins
  5 kobolds
  5 rats
41 creatures vanquished.

Notes
Turn   | Place    | Note
-------+----------+-------------------------------------------
     0 | D:1      | Chiseanne the Octopode Monk began the quest for the Orb.
     0 | D:1      | Reached XP level 1. HP: 16/16 MP: 1/1
   194 | D:1      | Reached XP level 2. HP: 21/21 MP: 2/2
   648 | D:2      | Reached XP level 3. HP: 22/26 MP: 3/3
  1069 | D:2      | Found a glowing golden altar of the Shining One.
  1074 | D:2      | Found a blossoming altar of Fedhas.
  1081 | D:2      | Found a stormy altar of Qazlal.
  1086 | D:2      | Found a sacrificial altar of Ru.
  1093 | D:2      | Found a deep blue altar of Sif Muna.
  1098 | D:2      | Found a burning altar of Makhleb.
  1109 | D:2      | Found a glowing silver altar of Zin.
  1492 | D:3      | Reached XP level 4. HP: 33/33 MP: 4/4
  1536 | D:3      | Found an ancient bone altar of Kikubaaqudgha.
  1605 | D:3      | HP: 1/33 [orc wizard/+0 dagger (2)]
  1606 | D:3      | Mangled by an orc

Skill      XL: |  1  2  3  4 |
---------------+-------------+-----
Fighting       | 4 |  4.0
Dodging        | 4 |  4.0
Axes           | |  3.0
Stealth        | |  2.6
Shields        | |  0.7

Action                   |  1- 3 |  4- 6 || total
-------------------------+-------+-------++-------
Melee: Hand axe          |    69 |    23 ||    92
       Constrict         |    19 |     5 ||    24
       Tentacles         |    13 |     5 ||    18
 Stab: Sleeping          |     9 |       ||     9
  Eat: Chunk             |     2 |       ||     2
Armor: Skin              |     8 |     2 ||    10
Dodge: Dodged            |    62 |    10 ||    72
Block: Buckler           |     4 |     3 ||     7
